 Dungeon Crawl Stone Soup version 0.29.0-15-g675c0067aa (webtiles) character file.

Game seed: 1419606814118697097

1773 Doot the Sneak (level 9, -1/55 HPs)
             Began as an Octopode Hedge Wizard on Sept 12, 2022.
             Was an Initiate of Sif Muna.
             Slain by an orc wizard
             ... wielding a +5 dagger
              (5 damage)
             ... on level 6 of the Dungeon.
             The game lasted 00:14:13 (7986 turns).

Doot the Sneak (Octopode Hedge Wizard)              Turns: 7986, Time: 00:14:14

Health: -1/55      AC:  1    Str:  7 (9)  XL:     9   Next: 7%
Magic:  17/17      EV: 13    Int: 19 (20) God:    Sif Muna [......]
Gold:   268        SH:  0    Dex: 10 (12) Spells: 7/18 levels left

rFire   . . .      SeeInvis .   a - +0 dagger
rCold   + . .      Faith    .   r - orb {*channel}
rNeg    . . .      Spirit   .   b - +0 hat
rPois   .          Reflect  +   l - amulet of reflection
rElec   .          Harm     .   n - ring of protection from cold
rCorr   .          Rampage  .   (no ring)
Will    .....                   (no ring)
Stlth   ++........              (no ring)
HPRegen 0.18/turn               (no ring)
MPRegen 0.15/turn               (no ring)
                                (no ring)
                                (no ring)

@: confused
A: almost no armour, amphibious, 8 rings, camouflage 1, gelatinous body 1,
(nimble swimmer 1), tentacles
a: Renounce Religion


You were on level 6 of the Dungeon.
You worshipped Sif Muna.
Sif Muna was noncommittal.
You visited 2 branches of the dungeon, and saw 9 of its levels.

You collected 268 gold pieces.

Inventory:

Hand Weapons
 a - a +0 dagger (weapon)
Armour
 b - a +0 hat (worn)
 r - an orb of energy (worn)
Jewellery
 l - an amulet of reflection (around mantle)
 n - a ring of protection from cold (left tentacle)
 o - an amulet of magic regeneration
 C - a +6 ring of dexterity
Scrolls
 i - 2 scrolls of magic mapping
 k - a scroll of immolation
 v - a scroll of enchant weapon
 z - a scroll of vulnerability
 A - a scroll of noise
 B - a scroll of acquirement {unknown}
Potions
 c - 2 potions of magic
 d - 2 potions of brilliance {unknown}
 g - 2 potions of mutation {unknown}
 j - a potion of degeneration
 m - a potion of haste {unknown}
 p - a potion of berserk rage {unknown}
 s - 2 potions of lignification {unknown}
 t - a potion of might {unknown}
 u - a potion of attraction {unknown}
 w - 3 potions of invisibility {unknown}
 x - a potion of cancellation {unknown}
Miscellaneous
 y - a phial of floods


   Skills:
 + Level 2.6 Fighting
 + Level 2.5 Short Blades
 + Level 3.9 Dodging
 + Level 5.7 Stealth
 + Level 2.0 Shields
 + Level 5.4 Spellcasting
 * Level 5.0 Conjurations
 + Level 1.6 Summonings
 + Level 1.1 Translocations
 + Level 1.4 Fire Magic
 + Level 1.2 Air Magic
 + Level 2.0 Poison Magic
 * Level 0.3 Invocations
 * Level 4.5 Evocations


You had 7 spell levels left.
You knew the following spells:

 Your Spells              Type           Power      Damage    Failure   Level
a - Magic Dart            Conj           96%        1d7       1%          1
b - Blink                 Tloc           18%        N/A       11%         2
c - Call Imp              Summ           11%        N/A       10%         2
d - Conjure Flame         Conj/Fire      17%        6-21      10%         3
e - Mephitic Cloud        Conj/Pois/Air  15%        N/A       12%         3

Your spell library contained the following spells:

 Spells                   Type           Power      Damage    Failure   Level
 Slow                     Hex            20%        N/A       12%         1


Dungeon Overview and Level Annotations

Branches:
Dungeon (8/15)             Temple (1/1) D:4
   Lair: D:8-11

Altars:
Ashenzari
Cheibriados
Dithmenos
Elyvilon
Fedhas
Hepliaklqana
Nemelex Xobeh
Okawaru
Qazlal
Sif Muna
Trog
Uskayaw
Vehumet
Wu Jian
Yredelemnul
The Shining One

Annotations:
D:3 Robin
D:4 2 transporters, 3 runed translucent doors, Flesh177's ghost, amateur MeFi
D:7 Maggie


Innate Abilities, Weirdness & Mutations

You cannot wear most types of armour.
You are amphibious.
You can wear up to eight rings at the same time.
Your skin changes colour to match your surroundings (Stealth+).
Your rubbery body absorbs attacks. (AC +1, EV +1)
((You are camouflaged when in or above water. (Stealth+)))
You have tentacles for arms and can constrict up to eight enemies at once.


Message History

The orc priest appears confused.
The orc priest closely misses you.
The orc priest hits itself with a +0 club.
You barely miss the orc priest. Your grab misses the orc priest.
You squeeze the orc priest.
The orc priest is heavily wounded.
You hit the orc priest. You grab the orc priest. You squeeze the orc priest.
The orc priest is almost dead.
You constrict the orc priest.
Something hits the orc priest.
The orc priest is killed!
Sif Muna accepts your kill.
Your Fire Magic skill increases to level 1!
Something hits you.
You miss something. Your squeeze misses something.
Something completely misses you.
You hit something but do no damage. Something barely misses you.
You hit something but do no damage. You barely miss something.
Something hits you.
You miss something. Something hits you!
* * * LOW HITPOINT WARNING * * *
You hit something but do no damage. You hit something. You squeeze something.
Something hits you.
* * * LOW HITPOINT WARNING * * *
You feel better.
You hear some strange, mumbled words.
You are confused.
You're too confused to attack without stumbling around!
You're too confused to move!
Something hits you.
* * * LOW HITPOINT WARNING * * *
You bump into the rock wall.
You hear some strange, mumbled words.
Something tries to affect you, but you resist.
You barely miss something. Your squeeze misses something.
Something completely misses you.
You closely miss something. Your squeeze misses something. Something hits you.
* * * LOW HITPOINT WARNING * * *
It was a potion of degeneration.
There was something very wrong with that liquid.
You feel weakened.
You feel dopey.
You feel clumsy. Something hits you.
You die...

#.......o....## #>#########...##
#####.########.....##
....................#############
.####.####.......................
...##.# #)####...######.########
##.##.# #.# ##)## #.########
#.##.# #.# #{# #.#....... ##.##.#
#.# #@# #.#.###### ...##.# #.#
#.# #.#.# #####.####.#####.####
#.#.# ####...............# #.#.#
#.........##.#####.####.#.##
#.##########.# #.........#####
#.# #.# #####.......).. #.# #.#
######.###.##### ##.##########.#
#..........####


There were no monsters in sight!

Vanquished Creatures
  Duvessa (D:6)
  2 ogres
  An orc warrior (D:8)
  2 black bears
  2 centaurs
  4 bullfrogs
  2 scorpions
  A necrophage (D:5)
  Dowan (D:6)
  A killer bee (D:6)
  A howler monkey (D:4)
  2 jellies (D:6)
  An orc priest (D:6)
  A hound (D:5)
  Crazy Yiuf (D:4)
  A scorpion zombie (D:2)
  2 iguanas
  An orc wizard (D:5)
  4 adders
  3 shadow imps
  2 white imps
  An adder skeleton (D:2)
  2 worms
  2 dart slugs
  13 orcs
  6 ball pythons
  3 bats
  3 bat skeletons (D:2)
  3 endoplasms
  2 giant cockroaches
  13 goblins
  5 hobgoblins
  A jackal (D:1)
  2 quokkas (D:4)
  A ball python skeleton (D:2)
  3 frilled lizards
  6 kobolds
  8 rats
110 creatures vanquished.

Vanquished Creatures (collateral kills)
  A water moccasin (D:6)
1 creature vanquished.

Vanquished Creatures (others)
  2 plants (D:3)
  A withered plant (D:2)
3 creatures vanquished.

Grand Total: 114 creatures vanquished

Notes
Turn   | Place    | Note
-------+----------+-------------------------------------------
     0 | D:1      | Doot the Octopode Hedge Wizard began the quest for the Orb.
     0 | D:1      | Reached XP level 1. HP: 11/11 MP: 4/4
   171 | D:1      | Reached XP level 2. HP: 17/17 MP: 1/6
   265 | D:1      | Learned a level 2 spell: Blink
   268 | D:1      | Learned a level 2 spell: Call Imp
   831 | D:1      | Reached XP level 3. HP: 21/21 MP: 4/7
  1531 | D:2      | Reached XP level 4. HP: 27/27 MP: 7/9
  1769 | D:2      | Found a faded altar of an unknown god.
  2365 | D:3      | Identified the +1 cloak of Heytoc {Contam rN+ Dex+9}
  2494 | D:3      | Noticed Robin
  2508 | D:4      | Found a transporter.
  2519 | D:4      | Reached XP level 5. HP: 27/32 MP: 8/10
  2544 | D:4      | Reached skill level 1 in Fighting
  2884 | D:4      | Noticed a kobold demonologist
  2940 | D:4      | Found a staircase to the Ecumenical Temple.
  2946 | Temple   | Entered the Ecumenical Temple
  3046 | Temple   | Became a worshipper of Sif Muna the Loreminder
  3125 | D:4      | Learned a level 3 spell: Conjure Flame
  3129 | D:4      | Learned a level 3 spell: Mephitic Cloud
  3383 | D:4      | Found a runed translucent gate.
  3383 | D:4      | Found a runed translucent gate.
  3383 | D:4      | Found a runed translucent gate.
  3384 | D:4      | Noticed Flesh177's ghost (amateur MeFi)
  3423 | D:4      | Noticed an ogre
  3435 | D:4      | Killed an ogre
  3436 | D:4      | Reached skill level 1 in Short Blades
  3436 | D:4      | Reached skill level 1 in Evocations
  3436 | D:4      | Reached XP level 6. HP: 38/38 MP: 2/12
  3671 | D:4      | Found a transporter.
  3968 | D:4      | Found a runed translucent door.
  3969 | D:4      | Noticed Crazy Yiuf
  4126 | D:4      | Killed Crazy Yiuf
  4275 | D:5      | Entered Level 5 of the Dungeon
  4341 | D:5      | Reached skill level 1 in Shields
  4665 | D:5      | Reached XP level 7. HP: 17/43 MP: 9/13
  5544 | D:6      | Reached XP level 8. HP: 12/50 MP: 5/15
  6019 | D:6      | Noticed Duvessa
  6028 | D:6      | Noticed Dowan
  6033 | D:6      | Killed Duvessa
  6034 | D:6      | Reached skill level 5 in Spellcasting
  6102 | D:6      | Killed Dowan
  6145 | D:6      | Reached skill level 5 in Stealth
  6572 | D:6      | You fall into a shaft and drop 2 floors!
  6736 | D:7      | Noticed Maggie
  6744 | D:8      | HP: 2/51 [bullfrog (8)]
  7116 | D:8      | Reached skill level 1 in Air Magic
  7116 | D:8      | Reached skill level 1 in Poison Magic
  7198 | D:8      | Reached * piety under Sif Muna
  7623 | D:7      | Reached XP level 9. HP: 55/55 MP: 17/17
  7775 | D:6      | Reached skill level 5 in Conjurations
  7940 | D:6      | HP: 2/55 [cloud of flame (20)]
  7971 | D:6      | Reached skill level 1 in Fire Magic
  7986 | D:6      | Slain by an orc wizard

Illustrated notes

Levels and vault maps discovered:
D:1:      psy_arrival_dodecagon, layout_loops_cross, minmay_pentomino_x4
D:2:      layout_rooms, serial_undead, serial_undead_f, serial_undead_b,
          serial_undead_e, serial_undead_c, basic_ecumenical_altar
D:3:      layout_rooms, serial_forest, infiniplex_forest_lined_3,
          infiniplex_forest_clump_double, infiniplex_forest_straight_2,
          infiniplex_forest_corner_2, infiniplex_forest_clump_curved,
          infiniplex_forest_zigzag_1, uniq_robin
D:4:      gammafunk_wand_slinger, layout_basic, temple_green,
          ebering_ghost_rock_garden, uniq_crazy_yiuf_cottage
D:5:      minmay_octagon_keep, layout_basic
D:6:      layout_loops_ring, kennysheep_generic_room_7, uniq_duvessa
D:7:      layout_layer_cave, xom_butterflies, uniq_maggie
D:8:      layout_basic, amcnicky_altar_gilded
Temple:   minmay_temple_bridge_d

Skill      XL: |  1  2  3  4  5  6  7  8  9 |
---------------+----------------------------+-----
Stealth        | 3 4 5 |  5.7
Fighting       | 1 2 |  2.6
Conjurations   | 2 3 4 5 |  5.0
Short Blades   | 1 2 |  2.5
Spellcasting   | 4 5 |  5.4
Evocations     | 1 2 4 |  4.5
Dodging        | 3 |  3.9
Shields        | 1 2 |  2.0
Air Magic      | 1 |  1.2
Poison Magic   | 1 2 |  2.0
Fire Magic     | 1 |  1.4
Summonings     | |  1.6
Translocations | |  1.1
Invocations    | |  0.3

Action                   |  1- 3 |  4- 6 |  7- 9 || total
-------------------------+-------+-------+-------++-------
Melee: Dagger            |    37 |    91 |   132 ||   260
       Constrict         |    10 |    16 |    32 ||    58
       Tentacles         |    11 |    22 |    34 ||    67
       Punch             |     2 |     1 |     2 ||     5
 Cast: Magic Dart        |    34 |    78 |    42 ||   154
       Call Imp          |       |     3 |     5 ||     8
       Mephitic Cloud    |       |     1 |    11 ||    12
       Conjure Flame     |       |       |    14 ||    14
       Blink             |       |       |     5 ||     5
  Use: Potion            |       |       |     7 ||     7
       Scroll            |       |       |     7 ||     7
 Stab: Sleeping          |     2 |     1 |     4 ||     7
       Confused          |       |     1 |     7 ||     8
Armor: Skin              |    15 |     8 |     5 ||    28
Dodge: Dodged            |    77 |    63 |    97 ||   237
Block: Other             |    18 |     2 |       ||    20
       Orb               |       |    22 |    43 ||    65
       Reflection        |       |     1 |       ||     1
